[ AOE2 MATCH · #506757875 ]
UnrankedMalay vs Incas
Player's team · LOSS
Rival team · WIN
[ REPLAY ANALYSIS · EXTRACTED FROM THE RECORDED GAME ]
Feudal
11:01
Castle
21:53
Imperial
—
| APM avg | 61.7 |
| APM peak | 115 |
| eAPM avg | 30.8 |
| Villagers / military | 94 / 77 |
Focus
⚔️ 47.7% · 🌾 52.3%
Skirmisher ×27 · Scout Cavalry ×20 · Archer ×12 · Battle Elephant ×11 · Militia ×4 · Mangonel ×2
Feudal
9:42
Castle
20:50
Imperial
—
| APM avg | 64.5 |
| APM peak | 96 |
| eAPM avg | 35.9 |
| Villagers / military | 83 / 47 |
Focus
⚔️ 50.4% · 🌾 49.6%
Monk ×17 · Archer ×14 · Spearman ×6 · Mangonel ×4 · Skirmisher ×4 · Unknown (2550) ×3
Match map
Initial resources + every placement click. Lines = walls · curves = elevation contours. ◆ gold · ⬟ stone · ● berries · ✦ relic · ◌ wall gap
Your base· ✓ Closed at 21:53 · 78t walls · 1 gate(s)
Courtesy's base· Open — 8t gap
Smoothed initial terrain · ◌ = detected wall gap · hover for details
Inputs per minute
— Survivalist - - Courtesy
Build order — Survivalist
First 150 of 328 actions detected
| 0:00 | Create | Villager (Male) |
| 0:02 | Build | House |
| 0:02 | Build | House |
| 0:05 | Create | Villager (Male) |
| 0:05 | Create | Villager (Male) |
| 0:07 | Create | Villager (Male) |
| 0:08 | Create | Villager (Male) |
| 1:24 | Create | Villager (Male) |
| 1:57 | Create | Villager (Male) |
| 1:57 | Create | Villager (Male) |
| 2:12 | Create | Villager (Male) |
| 2:12 | Create | Villager (Male) |
| 2:50 | Create | Villager (Male) |
| 2:50 | Create | Villager (Male) |
| 3:15 | Build | Barracks |
| 3:19 | Create | Villager (Male) |
| 3:24 | Build | Palisade Wall |
| 3:25 | Build | Palisade Wall |
| 3:28 | Build | Palisade Wall |
| 3:29 | Build | Palisade Wall |
| 3:36 | Create | Villager (Male) |
| 3:36 | Create | Villager (Male) |
| 3:44 | Build | House |
| 4:13 | Create | Villager (Male) |
| 4:16 | Create | Militia |
| 4:21 | Build | House |
| 4:43 | Create | Villager (Male) |
| 4:47 | Create | Militia |
| 4:55 | Create | Militia |
| 5:01 | Create | Villager (Male) |
| 5:02 | Create | Villager (Male) |
| 5:31 | Create | Villager (Male) |
| 5:31 | Create | Villager (Male) |
| 5:40 | Create | Militia |
| 6:06 | Create | Villager (Male) |
| 6:20 | Create | Villager (Male) |
| 6:30 | Build | Mill |
| 6:40 | Build | House |
| 6:50 | Create | Villager (Male) |
| 7:20 | Build | Palisade Wall |
| 7:21 | Build | Palisade Wall |
| 7:21 | Build | Palisade Wall |
| 7:31 | Create | Villager (Male) |
| 7:49 | Create | Villager (Male) |
| 8:05 | Create | Villager (Male) |
| 8:11 | Build | Palisade Wall |
| 8:12 | Build | Palisade Wall |
| 8:13 | Build | Palisade Wall |
| 8:14 | Build | Palisade Wall |
| 8:14 | Build | Palisade Wall |
| 8:14 | Build | Palisade Wall |
| 8:15 | Build | Palisade Wall |
| 8:15 | Build | Palisade Wall |
| 8:15 | Build | Palisade Wall |
| 8:16 | Build | Palisade Wall |
| 8:16 | Build | Palisade Wall |
| 8:16 | Build | Palisade Wall |
| 8:17 | Build | Palisade Wall |
| 8:17 | Build | Palisade Wall |
| 8:17 | Build | Palisade Wall |
| 8:17 | Build | Palisade Wall |
| 8:18 | Build | Palisade Wall |
| 8:18 | Build | Palisade Wall |
| 8:20 | Build | Palisade Wall |
| 8:29 | Create | Villager (Male) |
| 8:39 | Build | Palisade Wall |
| 8:47 | Build | Palisade Wall |
| 8:54 | Create | Villager (Male) |
| 9:17 | Research | Loom |
| 9:37 | Build | Lumber Camp |
| 9:42 | Research | Feudal Age |
| 10:00 | Build | Mining Camp |
| 10:46 | Create | Villager (Male) |
| 10:54 | Build | Farm |
| 10:57 | Build | House |
| 11:01 | Age | Feudal Age |
| 11:03 | Research | Town Watch |
| 11:05 | Build | Archery Range |
| 11:11 | Research | Man-at-Arms (upgrade) |
| 11:25 | Create | Villager (Male) |
| 11:29 | Build | House |
| 11:33 | Build | Palisade Wall |
| 11:40 | Create | Villager (Male) |
| 11:59 | Create | Archer |
| 12:01 | Build | Palisade Wall |
| 12:04 | Build | Palisade Wall |
| 12:05 | Create | Villager (Male) |
| 12:07 | Build | House |
| 12:09 | Build | Palisade Wall |
| 12:23 | Build | Farm |
| 12:43 | Create | Villager (Male) |
| 12:44 | Create | Archer |
| 12:52 | Build | Farm |
| 12:52 | Create | Villager (Male) |
| 12:55 | Build | Farm |
| 12:57 | Build | Farm |
| 12:59 | Create | Villager (Male) |
| 13:03 | Create | Archer |
| 13:06 | Build | House |
| 13:09 | Build | Palisade Wall |
| 13:21 | Create | Villager (Male) |
| 13:31 | Create | Archer |
| 13:40 | Build | Farm |
| 14:06 | Build | Palisade Wall |
| 14:16 | Create | Archer |
| 14:19 | Build | Blacksmith |
| 14:20 | Create | Villager (Male) |
| 14:25 | Build | Palisade Wall |
| 14:44 | Create | Villager (Male) |
| 14:46 | Build | Farm |
| 14:50 | Research | Double-Bit Axe |
| 14:51 | Research | Double-Bit Axe |
| 15:03 | Create | Archer |
| 15:08 | Research | Fletching |
| 15:15 | Create | Villager (Male) |
| 15:17 | Build | Farm |
| 15:22 | Build | House |
| 15:24 | Build | Palisade Wall |
| 15:42 | Create | Villager (Male) |
| 15:45 | Build | Farm |
| 16:04 | Create | Villager (Male) |
| 16:06 | Create | Archer |
| 16:16 | Create | Villager (Male) |
| 16:24 | Build | Farm |
| 16:24 | Build | Farm |
| 16:25 | Build | Farm |
| 16:25 | Build | Farm |
| 16:25 | Build | Farm |
| 16:37 | Research | Horse Collar |
| 16:52 | Create | Archer |
| 16:53 | Create | Villager (Male) |
| 17:14 | Create | Villager (Male) |
| 17:14 | Create | Archer |
| 17:16 | Create | Villager (Male) |
| 17:39 | Build | Archery Range |
| 17:47 | Build | Farm |
| 17:48 | Build | Farm |
| 17:52 | Build | Farm |
| 18:01 | Create | Archer |
| 18:07 | Research | Wheelbarrow |
| 18:25 | Create | Villager (Male) |
| 18:56 | Build | Market |
| 18:57 | Create | Villager (Male) |
| 19:02 | Create | Archer |
| 19:02 | Create | Archer |
| 19:56 | Build | House |
| 19:57 | Build | House |
| 20:00 | Build | Stone Wall |
| 20:02 | Create | Villager (Male) |
| 20:05 | Build | Gate |
Build order — Courtesy
First 150 of 237 actions detected
| 0:02 | Create | Villager (Male) |
| 0:03 | Build | House |
| 0:08 | Create | Villager (Male) |
| 0:08 | Create | Villager (Male) |
| 0:23 | Create | Villager (Male) |
| 0:23 | Create | Villager (Male) |
| 1:20 | Create | Villager (Male) |
| 2:03 | Create | Villager (Male) |
| 2:06 | Build | Settlement |
| 2:25 | Create | Villager (Male) |
| 2:25 | Create | Villager (Male) |
| 2:43 | Create | Villager (Male) |
| 2:43 | Create | Villager (Male) |
| 2:52 | Create | Villager (Male) |
| 2:52 | Create | Villager (Male) |
| 2:54 | Build | Palisade Wall |
| 2:55 | Build | Palisade Wall |
| 3:08 | Create | Villager (Male) |
| 3:36 | Create | Villager (Male) |
| 3:47 | Build | Palisade Wall |
| 3:50 | Build | Palisade Wall |
| 3:51 | Build | Palisade Wall |
| 3:56 | Create | Villager (Male) |
| 4:03 | Build | Palisade Wall |
| 4:12 | Build | Palisade Wall |
| 4:14 | Build | Palisade Wall |
| 4:27 | Create | Villager (Male) |
| 4:39 | Create | Villager (Male) |
| 4:40 | Build | Palisade Wall |
| 4:41 | Build | Palisade Wall |
| 4:54 | Create | Villager (Male) |
| 5:02 | Create | Villager (Male) |
| 5:38 | Build | Palisade Wall |
| 6:42 | Research | Loom |
| 6:57 | Create | Villager (Male) |
| 7:14 | Build | Settlement |
| 7:30 | Research | Feudal Age |
| 7:30 | Research | Feudal Age |
| 7:30 | Research | Feudal Age |
| 8:17 | Build | Palisade Gate |
| 8:21 | Build | Palisade Gate |
| 8:24 | Build | Palisade Wall |
| 8:31 | Build | House |
| 9:04 | Build | Barracks |
| 9:08 | Create | Villager (Male) |
| 9:42 | Age | Feudal Age |
| 9:50 | Build | Archery Range |
| 10:02 | Research | Double-Bit Axe |
| 10:02 | Research | Double-Bit Axe |
| 10:03 | Create | Villager (Male) |
| 10:05 | Create | Villager (Male) |
| 10:20 | Create | Villager (Male) |
| 10:26 | Create | Villager (Male) |
| 10:35 | Create | Archer |
| 10:40 | Create | Villager (Male) |
| 10:41 | Build | House |
| 10:47 | Create | Villager (Male) |
| 11:08 | Create | Archer |
| 11:40 | Create | Villager (Male) |
| 11:46 | Create | Villager (Male) |
| 11:54 | Create | Archer |
| 11:59 | Create | Villager (Male) |
| 12:03 | Build | Settlement |
| 12:17 | Create | Archer |
| 12:21 | Build | Farm |
| 12:22 | Create | Villager (Male) |
| 12:23 | Build | Farm |
| 12:28 | Create | Villager (Male) |
| 12:29 | Create | Villager (Male) |
| 12:37 | Build | Palisade Wall |
| 12:41 | Build | Palisade Wall |
| 12:51 | Build | Farm |
| 12:54 | Build | Palisade Wall |
| 13:06 | Build | House |
| 13:08 | Build | Palisade Wall |
| 13:08 | Build | Palisade Wall |
| 13:11 | Build | Farm |
| 13:12 | Build | Farm |
| 13:23 | Build | Farm |
| 13:24 | Build | Farm |
| 13:25 | Create | Archer |
| 13:34 | Build | Blacksmith |
| 14:02 | Create | Villager (Male) |
| 14:09 | Create | Archer |
| 14:10 | Build | Farm |
| 14:23 | Create | Villager (Male) |
| 14:32 | Build | Farm |
| 14:36 | Build | Farm |
| 14:36 | Create | Villager (Male) |
| 14:38 | Build | Farm |
| 14:42 | Create | Archer |
| 14:46 | Build | Watch Tower |
| 15:00 | Research | Fletching |
| 15:00 | Research | Fletching |
| 15:08 | Build | Farm |
| 15:10 | Create | Villager (Male) |
| 15:22 | Create | Villager (Male) |
| 15:32 | Create | Archer |
| 15:45 | Build | Farm |
| 15:49 | Create | Villager (Male) |
| 15:50 | Build | Farm |
| 16:03 | Build | House |
| 16:08 | Build | Palisade Wall |
| 16:11 | Create | Villager (Male) |
| 16:12 | Build | House |
| 16:17 | Create | Archer |
| 16:18 | Create | Villager (Male) |
| 16:32 | Build | Farm |
| 16:43 | Build | Farm |
| 16:55 | Create | Villager (Male) |
| 17:28 | Create | Villager (Male) |
| 17:38 | Build | Farm |
| 18:07 | Create | Archer |
| 18:10 | Research | Castle Age |
| 18:10 | Research | Castle Age |
| 18:17 | Create | Skirmisher |
| 18:33 | Create | Skirmisher |
| 18:40 | Research | Padded Archer Armor |
| 18:40 | Research | Padded Archer Armor |
| 18:44 | Research | Horse Collar |
| 18:44 | Research | Horse Collar |
| 18:49 | Build | House |
| 18:52 | Create | Skirmisher |
| 19:50 | Create | Skirmisher |
| 19:55 | Research | Gold Mining |
| 20:09 | Create | Villager (Male) |
| 20:14 | Build | Settlement |
| 20:20 | Create | Villager (Male) |
| 20:32 | Create | Archer |
| 20:50 | Age | Castle Age |
| 20:52 | Build | Siege Workshop |
| 20:55 | Research | Bodkin Arrow |
| 20:55 | Research | Bodkin Arrow |
| 20:57 | Create | Villager (Male) |
| 21:08 | Create | Villager (Male) |
| 21:24 | Create | Mangonel |
| 21:25 | Create | Villager (Male) |
| 21:28 | Create | Archer |
| 21:37 | Create | Villager (Male) |
| 21:45 | Build | Outpost |
| 21:47 | Research | Town Watch |
| 22:04 | Create | Villager (Male) |
| 22:05 | Create | Mangonel |
| 22:11 | Create | Villager (Male) |
| 22:17 | Build | House |
| 22:23 | Build | Outpost |
| 22:28 | Create | Villager (Male) |
| 22:30 | Research | Town Watch |
| 22:48 | Create | Villager (Male) |
| 23:09 | Create | Villager (Male) |
Match timeline
| 2:54 | Courtesy · wall_segment Palisade Wall x1 |
| 2:55 | Courtesy · wall_segment Palisade Wall x1 |
| 3:15 | Survivalist · first_building Barracks |
| 3:24 | Survivalist · wall_segment Palisade Wall x1 |
| 3:25 | Survivalist · wall_segment Palisade Wall x1 |
| 3:28 | Survivalist · wall_segment Palisade Wall x1 |
| 3:29 | Survivalist · wall_segment Palisade Wall x1 |
| 3:47 | Courtesy · wall_segment Palisade Wall x1 |
| 3:50 | Courtesy · wall_segment Palisade Wall x1 |
| 3:51 | Courtesy · wall_segment Palisade Wall x1 |
| 4:03 | Courtesy · wall_segment Palisade Wall x6 |
| 4:12 | Courtesy · wall_segment Palisade Wall x1 |
| 4:14 | Courtesy · wall_segment Palisade Wall x3 |
| 4:40 | Courtesy · wall_segment Palisade Wall x1 |
| 4:41 | Courtesy · wall_segment Palisade Wall x1 |
| 5:38 | Courtesy · wall_segment Palisade Wall x1 |
| 7:20 | Survivalist · wall_segment Palisade Wall x1 |
| 7:21 | Survivalist · wall_segment Palisade Wall x2 |
| 7:21 | Survivalist · wall_segment Palisade Wall x1 |
| 8:11 | Survivalist · wall_segment Palisade Wall x1 |
| 8:12 | Survivalist · wall_segment Palisade Wall x1 |
| 8:13 | Survivalist · wall_segment Palisade Wall x1 |
| 8:14 | Survivalist · wall_segment Palisade Wall x1 |
| 8:14 | Survivalist · wall_segment Palisade Wall x2 |
| 8:14 | Survivalist · wall_segment Palisade Wall x1 |
| 8:15 | Survivalist · wall_segment Palisade Wall x2 |
| 8:15 | Survivalist · wall_segment Palisade Wall x2 |
| 8:15 | Survivalist · wall_segment Palisade Wall x1 |
| 8:16 | Survivalist · wall_segment Palisade Wall x1 |
| 8:16 | Survivalist · wall_segment Palisade Wall x1 |
| 8:16 | Survivalist · wall_segment Palisade Wall x2 |
| 8:17 | Survivalist · wall_segment Palisade Wall x1 |
| 8:17 | Survivalist · wall_segment Palisade Wall x1 |
| 8:17 | Survivalist · wall_segment Palisade Wall x2 |
| 8:17 | Survivalist · wall_segment Palisade Wall x1 |
| 8:18 | Survivalist · wall_segment Palisade Wall x2 |
| 8:18 | Survivalist · wall_segment Palisade Wall x1 |
| 8:20 | Survivalist · wall_segment Palisade Wall x1 |
| 8:24 | Courtesy · wall_segment Palisade Wall x1 |
| 8:39 | Survivalist · wall_segment Palisade Wall x1 |
| 8:47 | Survivalist · wall_segment Palisade Wall x1 |
| 9:04 | Courtesy · first_building Barracks |
| 9:42 | Courtesy · age_up feudal |
| 9:50 | Courtesy · first_building Archery Range |
| 11:01 | Survivalist · age_up feudal |
| 11:05 | Survivalist · first_building Archery Range |
| 11:33 | Survivalist · wall_segment Palisade Wall x9 |
| 12:01 | Survivalist · wall_segment Palisade Wall x1 |
| 12:04 | Survivalist · wall_segment Palisade Wall x7 |
| 12:09 | Survivalist · wall_segment Palisade Wall x7 |
| 12:37 | Courtesy · wall_segment Palisade Wall x1 |
| 12:41 | Courtesy · wall_segment Palisade Wall x1 |
| 12:54 | Courtesy · wall_segment Palisade Wall x1 |
| 13:08 | Courtesy · wall_segment Palisade Wall x1 |
| 13:08 | Courtesy · wall_segment Palisade Wall x1 |
| 13:09 | Survivalist · wall_segment Palisade Wall x10 |
| 14:06 | Survivalist · wall_segment Palisade Wall x3 |
| 14:25 | Survivalist · wall_segment Palisade Wall x13 |
| 15:24 | Survivalist · wall_segment Palisade Wall x4 |
| 16:08 | Courtesy · wall_segment Palisade Wall x1 |
| 20:00 | Survivalist · wall_segment Stone Wall x1 |
| 20:07 | Survivalist · wall_segment Stone Wall x1 |
| 20:12 | Survivalist · first_market_buy 100 food |
| 20:50 | Courtesy · age_up castle |
| 20:52 | Courtesy · first_building Siege Workshop |
| 21:53 | Survivalist · age_up castle |
| 21:58 | Survivalist · first_market_sell 100 wood |
| 23:44 | Courtesy · first_building Monastery |
| 23:45 | Survivalist · first_building Stable |
| 24:00 | Courtesy · wall_segment Palisade Wall x1 |
| 24:01 | Courtesy · wall_segment Palisade Wall x1 |
| 24:49 | Courtesy · wall_segment Stone Wall x6 |
| 25:45 | Survivalist · first_building Monastery |
| 25:57 | Courtesy · first_market_sell 100 wood |
| 26:20 | Survivalist · first_building Siege Workshop |
| 28:59 | Courtesy · wall_segment Palisade Wall x1 |
| 32:01 | Survivalist · first_building Castle |
| 32:45 | Survivalist · resign |
[ AI ANALYSIS · 1 CREDIT ]
What really happened in this match?
Wolo.gg analyzes every decision: build order, eco, micro, common mistakes by bracket. Personalized analysis on WhatsApp or Discord in 30 seconds.
Civ guide
Malay
Perfil
Jugador #247224